 Dungeon Crawl Stone Soup version 0.29-a0-284-gf9362112df (webtiles) character file.

Game seed: 7763231104936549934

147109 dolemite99 the Severer (level 17, -4/156 HPs)
             Began as a Hill Orc Fighter on Mar 26, 2022.
             Was a Follower of Qazlal.
             Hit by a boomerang thrown by a merfolk (9 damage)
             ... on level 3 of the Shoals.
             The game lasted 00:47:43 (34634 turns).

dolemite99 the Severer (Hill Orc Fighter)          Turns: 34634, Time: 00:47:44

Health: -4/156     AC: 24    Str: 29    XL:     17   Next: 46%
Magic:  26/26      EV:  7    Int: 12    God:    Qazlal [*.....]
Gold:   543        SH: 13    Dex: 10    Spells: 16/16 levels left

rFire   + . .      SeeInvis +   b - +7 demon trident (elec)
rCold   + . .      Faith    +   d - +0 kite shield
rNeg    . . .      Spirit   .   z - +0 plate armour {Will+}
rPois   +          Reflect  .   Y - +0 helmet
rElec   .          Harm     .   g - scarf {rC+ rF+}
rCorr   .          Rampage  .   f - +1 pair of gloves
Will    +++..                   (no boots)
Stlth   ..........              r - amulet of Ecasch {Faith SInv}
HPRegen 0.36/turn               h - ring of the Leaf {rPois AC+4 Str+2 Int+4 Stlth-, =R}
MPRegen 0.20/turn               c - ring of willpower

@: no status effects
A: no striking features
a: Renounce Religion


You were on level 3 of the Shoals.
You worshipped Qazlal.
Qazlal was aware of your devotion.
You visited 5 branches of the dungeon, and saw 27 of its levels.

You collected 2837 gold pieces.
You spent 2294 gold pieces at shops.

Inventory:

Hand Weapons
 a - a +1 broad axe of freezing
 b - a +7 demon trident of electrocution (weapon)
 Q - a +0 trident
 U - a +0 eveningstar of freezing
Missiles
 e - 4 silver boomerangs
 m - 3 javelins
 u - 19 boomerangs (quivered)
 D - 4 throwing nets
 O - 4 curare-tipped darts
 S - 24 poisoned darts
Armour
 d - a +0 kite shield (worn)
 f - a +1 pair of gloves (worn)
 g - a scarf of resistance (worn)
 z - a +0 plate armour of willpower (worn)
 Y - a +0 helmet (worn)
Jewellery
 c - a ring of willpower (right hand)
 h - the ring of the Leaf (left hand) {rPois AC+4 Str+2 Int+4 Stlth-, =R}
   (You found it on level 6 of the Dungeon)

   [ring of protection]

   AC:        It affects your AC (+4).
   Str:       It affects your strength (+2).
   Int:       It affects your intelligence (+4).
   rPois:     It protects you from poison.
   Stlth:     It makes you less stealthy.
 j - a ring of resist corrosion
 l - a +4 ring of slaying
 q - the ring "Gareumo" {+Blink Dex+6}
   (You bought it in a shop on level 5 of the Dungeon)

   [ring of dexterity]

   Dex:       It affects your dexterity (+6).
   +Blink:    It lets you blink.
 r - the amulet of Ecasch (around neck) {Faith SInv}
   (You took it off a merfolk on level 2 of the Shoals)

   [amulet of faith]

   It allows you to gain divine favour quickly.
   SInv:      It lets you see invisible.
 y - the ring of Kikubaaqudgha's Favour {rF++ rC+ Str+6}
   (You found it on level 1 of the Lair of Beasts)

   [ring of strength]

   Str:       It affects your strength (+6).
   rF:        It greatly protects you from fire.
   rC:        It protects you from cold.
 N - the ring "Ikkeq" {Str+6 Dex+5 SInv}
   (You found it on level 9 of the Dungeon)

   [ring of strength]

   Str:       It affects your strength (+6).
   Dex:       It affects your dexterity (+5).
   SInv:      It lets you see invisible.
 R - the ring of Shadows {Umbra +Inv Stlth+}
   (You found it on level 13 of the Dungeon)

   [ring of stealth]

   It surrounds you with an aura of shadow, increasing your stealth and reducing
   the accuracy of all others within it.
   +Inv:      It lets you turn invisible.
   Stlth:     It makes you more stealthy.
 X - a ring of flight
Wands
 x - a wand of charming (22)
 B - a wand of paralysis (24)
 H - a wand of polymorph (1)
 J - a wand of flame (22)
 L - a wand of digging (14)
 W - a wand of iceblast (10)
Scrolls
 k - a scroll of magic mapping
 n - 7 scrolls of teleportation
 w - 7 scrolls of identify {@r1}
 A - 2 scrolls of fog
 V - a scroll of vulnerability
Potions
 p - 5 potions of degeneration
 s - a potion of flight
 t - 8 potions of attraction
 v - 4 potions of mutation
 F - a potion of magic
 G - 2 potions of brilliance
 I - a potion of invisibility {unknown}
 K - 5 potions of cancellation
 P - a potion of berserk rage {unknown}
 Z - a potion of resistance {unknown}
Miscellaneous
 i - a box of beasts (inert)
 M - a lightning rod (1/4)
 T - a condenser vane (inert)


   Skills:
 + Level 15.1 Fighting
 - Level 16.6(18.5) Axes
 - Level 11.7(14.6) Maces & Flails
 - Level 9.2 Throwing
 + Level 13.2 Armour
 - Level 12.0 Shields
 + Level 13.0 Invocations
 - Level 11.6 Evocations


You had 16 spell levels left.
You didn't know any spells.
Your spell library contained the following spells:

 Spells                   Type           Power      Damage    Failure   Level
 Animate Skeleton         Necr           0%         N/A       99%         1
 Beastly Appendage        Tmut           0%         N/A       99%         1
 Foxfire                  Conj/Fire      0%         2x1d4     99%         1
 Magic Dart               Conj           0%         1d3       99%         1
 Pain                     Necr           0%         1d4       99%         1
 Call Imp                 Summ           0%         N/A       100%        2
 Sublimation of Blood     Necr           0%         N/A       100%        2
 Wereblood                Tmut           0%         N/A       100%        2
 Conjure Flame            Conj/Fire      0%         6-21      100%        3
 Inner Flame              Hex/Fire       0%         N/A       100%        3
 Mephitic Cloud           Conj/Pois/Air  0%         N/A       100%        3
 Spider Form              Tmut/Pois      0%         N/A       100%        3
 Summon Guardian Golem    Hex/Summ       0%         N/A       100%        3
 Vampiric Draining        Necr           0%         2d6       100%        3
 Flame Wave               Conj/Fire      0%         2d4       100%        4
 Fulminant Prism          Conj/Hex       0%         3d6       100%        4
 Iskenderun's Mystic Bla  Conj/Tloc      0%         2d3       100%        4
 Freezing Cloud           Conj/Ice/Air   0%         6-21      100%        5
 Lee's Rapid Deconstruct  Erth           0%         3d5*      100%        5
 Simulacrum               Ice/Necr       0%         N/A       100%        6
 Orb of Destruction       Conj           0%         9d5       100%        7
 Spellforged Servitor     Conj/Summ      0%         N/A       100%        7
 Summon Hydra             Summ           0%         N/A       100%        7
 Polar Vortex             Ice            0%         N/A       100%        9


Dungeon Overview and Level Annotations

Branches:
Dungeon (15/15)            Temple (0/1) D:6            Lair (6/6) D:9
 Shoals (3/4) Lair:3       Spider (1/4) Lair:4        Slime (0/5) Lair:5
    Orc (2/2) D:11            Elf (0/3) Orc:2        Vaults (0/5) D:14
 Depths (0/4) D:15

Altars:
Fedhas
Hepliaklqana
Makhleb
Nemelex Xobeh
Okawaru
Qazlal
Yredelemnul
The Shining One
Beogh
Jiyva

Shops:
D:5 =   D:13 *   Orc:1 (   Orc:2 (?!(

Annotations:
D:9 2 transporters, bande's ghost, novice GrFi
D:11 exclusion: oklob sapling
D:14 exclusion: 2 ice statues
Lair:1 3 runed translucent doors, Haisoj's ghost, journeyman MiBe
Lair:2 3 runed translucent doors, Qyfeneh's ghost, journeyman DsFi
Lair:4 exclusion: oklob plant
Lair:5 2 transporters, exclusion: ice statue, Etewkasm's ghost, journeyman TrMo
Shoals:3 Nikola
Orc:2 1 runed translucent door


Message History

You can no longer call upon nature to destroy your foes.
You hear a shout!
Okay, then.
Unknown command.
Unknown command.
The merfolk is no longer encased in ice.
The merfolk throws a boomerang.
You block the boomerang. The merfolk hits you with a +0 trident!
* * * LOW HITPOINT WARNING * * *
You hit the merfolk. Lightning courses through the merfolk!!
You kill the merfolk!
Qazlal accepts your kill.
Your Invocations skill increases to level 13!
You feel better.
You feel better.
The merfolk shouts!
You feel better.
The merfolk shouts!
The merfolk throws a boomerang.
The boomerang hits you!
* * * LOW HITPOINT WARNING * * *
As you read the scroll of fog, it crumbles to dust.
The scroll dissolves into smoke.
Things that are here:
a +0 trident of freezing; a +0 leather armour; a merfolk corpse Magic courses through your body.
Okay, then.
Unknown command.
The merfolk hits you with a +0 trident.
* * * LOW HITPOINT WARNING * * *
You hit the merfolk.
The merfolk is lightly wounded.
The merfolk hits you from afar with a +0 trident!
* * * LOW HITPOINT WARNING * * *
The merfolk barely misses you.
You barely miss the merfolk.
The merfolk throws a boomerang.
You block the boomerang. The merfolk hits you with a +0 trident!
* * * LOW HITPOINT WARNING * * *
You completely miss the merfolk.
The merfolk throws a boomerang.
The boomerang hits you!
You die...

≈.....≈≈≈≈≈.....§........≈
≈..≈≈≈≈≈≈≈≈...........c..≈
≈≈≈≈≈≈≈≈≈≈............c.≈≈
≈≈≈≈≈≈≈≈≈≈........)....≈≈≈
≈≈≈≈≈≈≈≈≈.......$≈.....≈≈≈
≈≈≈≈≈≈≈..........≈.....≈≈≈
≈≈≈≈≈≈≈)§§§§...(.≈≈.....≈≈
≈≈≈≈≈..mm§§§....≈≈≈......≈
≈≈≈≈≈≈.§§@§......≈≈≈......
≈≈≈≈≈≈.§§§§.......≈≈≈...≈≈
≈≈≈≈≈≈.§§§§.......≈≈.....≈
≈≈≈≈≈≈≈§§§....≈≈≈≈........
≈≈≈≈≈≈≈...§§..≈≈≈≈...≈....
≈≈≈≈≈≈≈...§≈.≈..≈≈...≈≈≈..
≈≈≈≈≈≈.....≈≈........≈≈≈≈≈
≈≈≈≈≈≈≈....≈≈.....†..≈≈.≈≈
≈....≈≈..#.≈≈....P...≈≈.≈≈


You could see 2 merfolk.

Vanquished Creatures
  Polyphemus (Shoals:2)
  Gastronok (Lair:1)
  A tengu reaver (D:13)
  A storm dragon (D:13)
  An orc warlord (Orc:2)
  A stone giant (D:15)
  5 merfolk impalers
  3 boulder beetles (D:11)
  A fire dragon (D:13)
  5 vault guards (D:14)
  3 hydras
  An alligator snapping turtle (Shoals:2)
  5 centaur warriors
  A jorogumo (Spider:1)
  3 two-headed ogres
  A catoblepas (Shoals:2)
  2 merfolk aquamancers
  2 death yaks (Shoals:2)
  7 tengu warriors
  2 orc high priests (Orc:2)
  Sonja (D:11)
  Amaemon (Lair:1)
  2 skeletal warriors
  2 pharaoh ants (Lair:4)
  5 sea snakes
  An orb spider (Spider:1)
  2 wizards
  3 orc knights
  14 harpies
  2 orc sorcerers (Orc:2)
  A deep elf pyromancer (D:13)
  A faun (shapeshifter) (D:14)
  3 cyclopes
  2 wolf spiders (Lair:4)
  13 fauns
  16 ugly things
  21 elephants
  8 manticores
  An ice statue (Shoals:1)
  A black mamba (shapeshifter) (D:13)
  5 water nymphs
  3 black mambas
  6 merfolk sirens
  An orange demon (Lair:1)
  14 cane toads
  2 torpor snails
  A gargoyle (D:11)
  12 komodo dragons
  4 rime drakes
  3 kobold demonologists
  3 tengu conjurers
  A freezing wraith (D:14)
  4 polar bears
  17 merfolk
  Grinder (D:3)
  Prince Ribbit (Lair:1)
  A hornet (shapeshifter) (D:13)
  10 hornets
  10 trolls
  3 meliai (D:14)
  21 blink frogs
  2 wind drakes
  4 tarantellas
  10 snapping turtles
  4 dream sheep
  6 jumping spiders
  A culicivora (shapeshifter) (D:13)
  7 water elementals
  12 spriggans (Lair:6)
  2 shadows
  4 culicivoras
  2 wyverns
  A wraith (D:10)
  A vampire (D:13)
  54 yaks
  8 basilisks
  3 fire bats (Lair:6)
  15 redbacks
  6 vampire mosquitoes
  2 wargs
  2 acid dragons
  15 water moccasins
  30 orc warriors
  6 black bears
  2 ice beasts
  37 wolves
  A sky beast (D:8)
  14 centaurs
  5 ogres
  3 boggarts (Lair:6)
  3 kobold brigands
  A gnoll sergeant (D:11)
  A necrophage (D:7)
  13 bullfrogs
  2 scorpions
  6 wights
  12 killer bees
  7 howler monkeys
  9 electric eels
  6 hounds
  3 jellies
  25 orc priests
  2 iguanas
  17 orc wizards
  4 gnolls (D:11)
  6 adders
  A shadow imp (D:5)
  A white imp (D:7)
  3 worms
  2 dart slugs
  80 orcs
  3 endoplasms
  3 giant cockroaches
  10 goblins
  6 hobgoblins
  25 kobolds
  5 quokkas
  18 ball pythons
  12 bats
  2 frilled lizards (D:3)
  5 rats
822 creatures vanquished.

Vanquished Creatures (collateral kills)
  Mlioglotl (Shoals:3)
  2 hydras (Lair:6)
  3 vault guards (D:14)
  A merfolk avatar (Shoals:2)
  2 orc high priests (Orc:2)
  3 elephants
  2 cane toads (Lair:6)
  3 komodo dragons
  A troll (D:9)
  A hornet (Lair:6)
  A polar bear (Lair:6)
  2 blink frogs (Lair:6)
  6 yaks
  A spriggan (Lair:6)
  2 water elementals (Shoals:3)
  A basilisk (Lair:6)
  A warg (Orc:2)
  A water moccasin (Lair:6)
  6 orc warriors (Orc:2)
  A boggart (Lair:6)
  An ogre (Orc:1)
  2 wolves (Lair:6)
  7 orc priests (Orc:2)
  2 orc wizards (Orc:2)
  5 orcs
58 creatures vanquished.

Vanquished Creatures (others)
  2 jumping spiders (Spider:1)
  A bush (Lair:2)
  A fire vortex (Lair:4)
  41 fungi
  106 plants
151 creatures vanquished.

Grand Total: 1031 creatures vanquished

Notes
Turn   | Place    | Note
-------+----------+-------------------------------------------
     0 | D:1      | dolemite99 the Hill Orc Fighter began the quest for the
                  | Orb.
     0 | D:1      | Reached XP level 1. HP: 19/19 MP: 1/1
   150 | D:1      | Reached skill level 3 in Axes
   343 | D:1      | Reached XP level 2. HP: 26/26 MP: 2/2
   480 | D:1      | Reached skill level 4 in Axes
   610 | D:1      | Found a faded altar of an unknown god.
   619 | D:1      | Prayed at the altar of an unknown god.
   619 | D:1      | Became a worshipper of Qazlal Stormbringer
   619 | D:1      | Reached * piety under Qazlal
   898 | D:2      | Reached XP level 3. HP: 22/31 MP: 3/3
  1092 | D:2      | Reached skill level 5 in Axes
  1653 | D:2      | Reached ** piety under Qazlal
  1780 | D:3      | Noticed Grinder
  1785 | D:3      | Reached XP level 4. HP: 39/39 MP: 4/4
  1799 | D:3      | Paralysed by Grinder for 6 turns
  1816 | D:3      | Killed Grinder
  1817 | D:3      | Reached skill level 8 in Axes
  1817 | D:3      | Reached XP level 5. HP: 19/45 MP: 5/5
  1817 | D:3      | Reached XP level 6. HP: 21/51 MP: 6/6
  2779 | D:4      | Reached skill level 9 in Axes
  2804 | D:4      | Reached XP level 7. HP: 57/57 MP: 7/7
  2926 | D:4      | Reached skill level 10 in Axes
  3012 | D:4      | Reached *** piety under Qazlal
  3839 | D:5      | Entered Level 5 of the Dungeon
  4090 | D:5      | Reached skill level 11 in Axes
  4201 | D:5      | Found a stormy altar of Qazlal.
  4475 | D:5      | Reached XP level 8. HP: 54/64 MP: 8/8
  4531 | D:5      | Found Pimineqi's Jewellery Shoppe.
  4652 | D:5      | Identified the +7 rapier of Reapportionment {spect, rPois
                  | rCorr Int+2}
  4679 | D:5      | You fall into a shaft and drop 1 floor!
  4681 | D:6      | Identified the ring of the Leaf {rPois AC+4 Str+2 Int+4
                  | Stlth-}
  4820 | D:6      | Reached skill level 12 in Axes
  4996 | D:6      | Found a staircase to the Ecumenical Temple.
  5196 | D:6      | Found a glowing golden altar of the Shining One.
  5196 | D:6      | Found a blossoming altar of Fedhas.
  5330 | D:6      | Noticed a hornet
  5337 | D:6      | Paralysed by a hornet for 1 turns
  5340 | D:6      | Killed a hornet
  5341 | D:6      | Reached skill level 13 in Axes
  5982 | D:7      | Reached skill level 14 in Axes
  6426 | D:7      | Reached XP level 9. HP: 70/70 MP: 9/9
  6442 | D:7      | Reached skill level 15 in Axes
  6916 | D:8      | Identified the +7 hand axe of Charity {spect, rC+ Int+3
                  | SInv}
  7068 | D:8      | Reached skill level 16 in Axes
  7266 | D:8      | Found a sparkling altar of Nemelex Xobeh.
  7486 | D:9      | Reached skill level 5 in Fighting
  7570 | D:9      | Noticed a troll
  7577 | D:9      | Killed a troll
  7594 | D:9      | Reached XP level 10. HP: 84/84 MP: 10/10
  7705 | D:9      | Found a staircase to the Lair.
  7718 | D:9      | Reached **** piety under Qazlal
  7739 | D:9      | Noticed a tengu warrior
  7801 | D:9      | Killed a tengu warrior
  7802 | D:9      | Reached skill level 10 in Fighting
  7882 | D:9      | Noticed a skeletal warrior
  7932 | D:10     | Entered Level 10 of the Dungeon
  7945 | D:10     | Noticed an orc knight
  8323 | D:10     | Killed an orc knight
  8324 | D:10     | Reached skill level 5 in Shields
  8571 | D:10     | Found an iron altar of Okawaru.
  8589 | D:10     | Reached XP level 11. HP: 95/99 MP: 11/11
  9469 | D:10     | Reached skill level 1 in Invocations
  9797 | D:11     | Noticed a boulder beetle
  9833 | D:11     | Killed a boulder beetle
  9912 | D:11     | Reached skill level 5 in Invocations
 10053 | D:11     | Reached ***** piety under Qazlal
 10141 | D:11     | Found a roughly hewn altar of Beogh.
 10178 | D:11     | Found a staircase to the Orcish Mines.
 10192 | D:11     | Noticed a boulder beetle
 10206 | D:11     | Killed a boulder beetle
 10264 | D:11     | Noticed Sonja
 10266 | D:11     | Killed Sonja
 10266 | D:11     | Noticed a boulder beetle
 10276 | D:11     | Found a gate leading to a gauntlet.
 10282 | D:11     | Killed a boulder beetle
 10283 | D:11     | Reached skill level 10 in Invocations
 10405 | D:11     | Reached skill level 1 in Throwing
 10422 | D:11     | Reached XP level 12. HP: 99/106 MP: 19/19
 10496 | D:11     | Found a roughly hewn altar of Beogh.
 10932 | D:9      | Identified the ring "Ikkeq" {Str+6 Dex+5 SInv}
 11004 | D:9      | Found a hazy altar of Hepliaklqana.
 11105 | D:9      | Found a transporter.
 11122 | D:9      | Found a transporter.
 11122 | D:9      | Noticed bande's ghost (novice GrFi)
 11315 | Lair:1   | Entered Level 1 of the Lair of Beasts
 11320 | Lair:1   | Reached skill level 5 in Throwing
 11583 | Lair:1   | Noticed Gastronok
 11590 | Lair:1   | Identified the ring of Kikubaaqudgha's Favour {rF++ rC+
                  | Str+6}
 11606 | Lair:1   | Killed Gastronok
 11759 | Lair:1   | Found a runed translucent gate.
 11759 | Lair:1   | Found a runed translucent gate.
 11759 | Lair:1   | Found a runed translucent gate.
 11759 | Lair:1   | Noticed Haisoj's ghost (journeyman MiBe)
 11816 | Lair:1   | Noticed Prince Ribbit
 11826 | Lair:1   | Killed Prince Ribbit
 11891 | Lair:1   | Noticed Amaemon
 11901 | Lair:1   | Killed Amaemon
 12571 | Lair:2   | Found a runed translucent gate.
 12571 | Lair:2   | Found a runed translucent gate.
 12572 | Lair:2   | Found a runed translucent gate.
 12573 | Lair:2   | Noticed Qyfeneh's ghost (journeyman DsFi)
 12904 | Lair:2   | Reached XP level 13. HP: 113/113 MP: 20/20
 12910 | Lair:2   | Reached skill level 5 in Armour
 13861 | Lair:3   | Found a staircase to the Shoals.
 14313 | Lair:4   | Reached skill level 10 in Armour
 14626 | Lair:4   | Found a hole to the Spider Nest.
 15036 | Lair:4   | Found a basalt altar of Yredelemnul.
 16031 | Lair:5   | Noticed Etewkasm's ghost (journeyman TrMo)
 16051 | Lair:5   | Reached skill level 1 in Evocations
 16126 | Lair:5   | Reached XP level 14. HP: 121/121 MP: 21/21
 16200 | Lair:5   | Found a transporter.
 16203 | Lair:5   | Found a transporter.
 16347 | Lair:5   | Reached skill level 5 in Evocations
 16460 | Lair:5   | Found a viscous altar of Jiyva.
 16460 | Lair:5   | Found a staircase to the Slime Pits.
 16776 | Lair:6   | Entered Level 6 of the Lair of Beasts
 17397 | Lair:6   | Reached skill level 10 in Evocations
 17850 | Lair:6   | Reached XP level 15. HP: 117/126 MP: 22/22
 18643 | Orc:1    | Entered Level 1 of the Orcish Mines
 18647 | Orc:1    | Found a roughly hewn altar of Beogh.
 18748 | Orc:1    | Found Qishyss's Weapon Boutique.
 18921 | Orc:2    | Entered Level 2 of the Orcish Mines
 19172 | Orc:2    | Found Rial's Weapon Shoppe.
 19172 | Orc:2    | Found Laoris's Distillery.
 19304 | Orc:2    | Found a runed translucent door.
 19415 | Orc:2    | Found a staircase to the Elven Halls.
 19638 | Orc:2    | Found Fesow's Weapon Emporium.
 19644 | Orc:2    | Found Gumiriy's Magic Scroll Shoppe.
 19775 | Orc:2    | Noticed an orc warlord
 19826 | Orc:2    | HP: 3/128 [orc warlord/+1 long sword (27)]
 19832 | Orc:2    | Killed an orc warlord
 20820 | Orc:1    | Bought a +0 eveningstar of freezing for 319 gold pieces
 20841 | Orc:2    | Bought a scroll of teleportation for 39 gold pieces
 20841 | Orc:2    | Bought a scroll of teleportation for 39 gold pieces
 20841 | Orc:2    | Bought a scroll of teleportation for 39 gold pieces
 20841 | Orc:2    | Bought a scroll of teleportation for 39 gold pieces
 20841 | Orc:2    | Bought a scroll of identify for 26 gold pieces
 20841 | Orc:2    | Bought a scroll of identify for 26 gold pieces
 20843 | Orc:2    | Bought a potion of curing for 45 gold pieces
 20843 | Orc:2    | Bought a potion of curing for 45 gold pieces
 20843 | Orc:2    | Bought a potion of curing for 45 gold pieces
 20843 | Orc:2    | Bought a potion of cancellation for 120 gold pieces
 20843 | Orc:2    | Bought a potion of cancellation for 120 gold pieces
 20843 | Orc:2    | Bought a potion of flight for 45 gold pieces
 20975 | D:5      | Bought the ring "Gareumo" {+Blink Dex+6} for 1087 gold
                  | pieces
 21048 | D:5      | Found a burning altar of Makhleb.
 21597 | D:12     | Reached skill level 1 in Maces & Flails
 22338 | D:13     | Found the ring of Shadows {Umbra +Inv Stlth+}
 22465 | D:13     | Reached skill level 5 in Maces & Flails
 22527 | D:13     | Found Wiuqaxeh's Blood Bar.
 23032 | D:13     | Noticed a tengu reaver
 23033 | D:13     | Noticed a storm dragon
 23042 | D:13     | Killed a tengu reaver
 23047 | D:13     | Killed a storm dragon
 23262 | D:13     | Identified the +0 plate armour "Foibog" {rN+ Regen+ Str-4
                  | SInv}
 23267 | D:13     | Identified the +6 fustibalus "Qaroott" {venom, Will- rCorr
                  | Str-3 Dex+6}
 23527 | D:14     | Found a frozen archway.
 23627 | D:14     | Reached XP level 16. HP: 69/136 MP: 25/25
 23872 | D:14     | Reached skill level 10 in Maces & Flails
 24149 | D:14     | Found a gate to the Vaults.
 24582 | Orc:2    | Bought a scroll of brand weapon for 260 gold pieces
 24855 | D:15     | Entered Level 15 of the Dungeon
 26272 | D:15     | Found a staircase to the Depths.
 26353 | D:15     | Reached skill level 10 in Shields
 27145 | Spider:1 | Entered Level 1 of the Spider Nest
 27872 | Lair:4   | HP: 6/127 [pharaoh ant (17)]
 28803 | Shoals:1 | Entered Level 1 of the Shoals
 30776 | Shoals:2 | Reached XP level 17. HP: 80/150 MP: 26/26
 30840 | Shoals:2 | Identified the amulet of Ecasch {Faith SInv}
 33273 | Shoals:2 | Noticed Polyphemus
 33290 | Shoals:2 | Killed Polyphemus
 34549 | Shoals:3 | Noticed Mlioglotl
 34552 | Shoals:3 | Reached skill level 15 in Fighting
 34562 | Shoals:3 | Killed Mlioglotl
 34573 | Shoals:3 | Noticed Nikola
 34633 | Shoals:3 | HP: 5/156 [merfolk/+0 trident (12)]
 34634 | Shoals:3 | Hit by a boomerang thrown by a merfolk

Illustrated notes

Levels and vault maps discovered:
D:1:      lemuel_arrival_behind_the_door_small, layout_basic,
          chequers_ecumenical_altar_lobes
D:2:      minmay_chambers_of_ones, layout_loops_cross
D:3:      layout_rooms, uniq_grinder
D:4:      layout_basic, minmay_stone_trees_small, ebering_dispersal_statue_hall
D:5:      layout_rooms, grunt_qazlal_sundering, makhleb_blood_cavern_becter,
          serial_shops, nicolae_shop_advertising_works
          [nicolae_subvault_shop_adworks], chequers_serial_rivers_micro_c,
          hex_tiny
D:6:      layout_basic, gammafunk_temple_overflow_wave, minmay_temple_entry_hall
D:7:      layout_rooms
D:8:      layout_cave_pools, mainiacjoe_overflow_tiny_flanked,
          serial_bayou_pond_d
D:9:      layout_cave_pools, kennysheep_little_box, david_lair_generic,
          gammafunk_ghost_berserking_beasts, minmay_misc_feat_columns,
          minivault_21, chequers_serial_rivers_micro_b, minmay_checkerbox
D:10:     layout_layer_cave, okawaru_gym_becter
D:11:     layout_roguey [special_room_orc], david_orc_5, gauntlet_entry_generic,
          introduction_to_nature_2, uniq_sonja
D:12:     layout_basic
D:13:     kennysheep_four_of_diamonds, layout_stronghold, serial_bayou,
          serial_bayou_pond_d, serial_bayou_lagoon_a, serial_bayou_ford_a,
          serial_bayou_lake_a, minmay_misc_feat_chi, guppyfry_shop_blood
D:14:     layout_roguey, erik_vaults_2, chequers_serial_rivers_small_3,
          portal_ice_cave_entry_ice_statue_two, chequers_serial_rivers_small_3
D:15:     grunt_enter_depths_snipers, layout_loops_ring,
          serial_co_window_serial, co_window_corner_a, co_window_corner_a,
          co_window_paths_a, co_window_paths_a, co_window_paths_b,
          co_window_broadway_b, co_window_cross_3, co_window_2corner,
          co_window_unsneaky_path_c, co_window_corner_b, co_window_cross_4,
          co_window_sun, glass_columns_a, glass_columns_c, glass_columns_b,
          chequers_jeans
Lair:1:   layout_regular_city, gammafunk_ghost_split, uniq_gastronok,
          uniq_prince_ribbit2, uniq_amaemon
Lair:2:   layout_chaotic_city, ebering_ghost_rock_garden
Lair:3:   dreamdust_cave_troll, layout_loops_ring, minmay_shoals_entry_hut,
          st_stairs_13, grunt_forest_stairs_basic
Lair:4:   layout_gridlike, nicolae_spider_entry_tight_spaces, basic_altar,
          small_statue_intersection, grunt_megastairs_3, lemuel_fruit_tree
Lair:5:   layout_cave_pods, dpeg_slime_entry_enclosed_altar, nzn_ghost_randoct
Lair:6:   minmay_lair_end_enchanted_forest, layout_layer_cave,
          nicolae_volcano_entry_batcave
Shoals:1: layout_shoals, dpeg_stationary_puzzle
Shoals:2: layout_shoals, uniq_polyphemus
Shoals:3: cheibrodos_shoals_baths, layout_shoals, uniq_mlioglotl, uniq_nikola
Spider:1: layout_spider_delve, nicolae_spider_scorpion_nest
Orc:1:    layout_caves, basic_altar, serial_shops, nicolae_shop_trees,
          mines_bat_river
Orc:2:    st_orc_mages, layout_caves, lightli_church_of_beogh

Skill      XL: |  1  2  3  4  5  6  7  8  9 10 11 12 13 14 15 16 17 |
---------------+----------------------------------------------------+-----
Axes           | 3 4 5 8 9 11 14 16 | 16.6
Fighting       | 6 10 13 15 | 15.1
Shields        | 7 9 12 | 12.0
Invocations    | 10 12 13 | 13.0
Throwing       | 2 9 |  9.2
Armour         | 4 12 13 | 13.2
Evocations     | 1 11 | 11.6
Maces & Flails | 9 11 | 11.7

Action                   |  1- 3 |  4- 6 |  7- 9 | 10-12 | 13-15 | 16-18 || total
-------------------------+-------+-------+-------+-------+-------+-------++-------
Melee: War axe           |    98 |    61 |   190 |       |       |       ||   349
       Hand axe          |       |       |    37 |   323 |   738 |    60 ||  1158
       Eveningstar       |       |       |       |       |    10 |     3 ||    13
       Broad axe         |       |       |       |       |       |   411 ||   411
       Demon trident     |       |       |       |       |       |   128 ||   128
Throw: Stone             |    24 |    29 |    81 |    50 |    27 |       ||   211
       Dart              |       |       |       |    76 |    60 |       ||   136
       Boomerang         |       |       |       |       |   248 |    84 ||   332
Invok: Upheaval          |       |       |       |     8 |    13 |    35 ||    56
       Elemental Force   |       |       |       |     3 |    17 |     2 ||    22
Evoke: Wand              |       |       |       |     1 |     9 |    12 ||    22
       Lightning rod     |       |       |       |       |     5 |    11 ||    16
       Box of beasts     |       |       |       |       |       |     3 ||     3
       Condenser vane    |       |       |       |       |       |     3 ||     3
  Use: Potion            |       |     3 |     3 |     1 |    12 |     8 ||    27
       Scroll            |       |       |    13 |     4 |    12 |    14 ||    43
 Stab: Distracted        |       |       |       |     7 |    10 |     2 ||    19
       Paralysed         |       |       |       |     1 |     1 |     5 ||     7
Armor: Scale mail        |    53 |    24 |    51 |       |       |       ||   128
       Chain mail        |       |       |    51 |    59 |    34 |       ||   144
       Plate armour      |       |       |       |       |   232 |   330 ||   562
Dodge: Dodged            |    39 |    28 |    78 |    47 |   139 |   172 ||   503
       Repelled          |       |       |       |     1 |     1 |       ||     2
Block: Buckler           |    43 |    28 |    99 |    14 |       |       ||   184
       Kite shield       |       |       |       |   147 |   506 |   463 ||  1116

Table legend: (Time is in decaauts)
 A = Elapsed time spent in this place.
 B = Non-inter-level travel time spent in this place.
 C = Inter-level travel time spent in this place.
 D = Time resting spent in this place.
 E = Time spent auto-exploring this place.
 F = Levels seen in this place.
 G = Mean time per level.
                   A        B        C        D        E       F      G
               +--------+--------+--------+--------+--------+-----+--------+
         Total |  34634 |  32183 |   2451 |   9854 |  15736 |  27 | 1282.7 |
       Dungeon |  17502 |  16122 |   1380 |   3792 |   9280 |  15 | 1166.8 |
          Lair |   8881 |   8244 |    637 |   2117 |   4434 |   6 | 1480.2 |
        Shoals |   5975 |   5806 |    169 |   3448 |   1070 |   3 | 1991.7 |
   Spider Nest |     52 |     52 |      0 |      0 |      0 |   1 |   52.0 |
  Orcish Mines |   2221 |   1958 |    263 |    496 |    951 |   2 | 1110.5 |
               +--------+--------+--------+--------+--------+-----+--------+

Top non-repeatable levels by time:
  Lair:4: 3300 daAuts
Shoals:2: 3295 daAuts
Shoals:1: 2245 daAuts
    D:15: 1959 daAuts
   Orc:2: 1725 daAuts
    D:13: 1586 daAuts
  Lair:6: 1574 daAuts
  Lair:1: 1334 daAuts
    D:10: 1332 daAuts
     D:4: 1316 daAuts
    D:14: 1263 daAuts
    D:11: 1244 daAuts
     D:6: 1229 daAuts
     D:8: 1144 daAuts
     D:9: 1108 daAuts
